 Dungeon Crawl Stone Soup version 0.25-a0-1057-gcb8d101 (webtiles) character file.

Game seed: 11488781146563386601, levelgen mode: deterministic

149 Faca the Skirmisher (level 5, 0/48 HPs)
             Began as a Draconian Berserker on May 13, 2020.
             Was a Priest of Trog.
             Succumbed to an adder's poison
             ... while paralysed
             ... on level 3 of the Dungeon.
             The game lasted 00:03:22 (2410 turns).

Faca the Skirmisher (Draconian Berserker)           Turns: 2410, Time: 00:03:22

Health: 0/48       AC:  5    Str: 20    XL:     5   Next: 9%
Magic:  5/5        EV:  2    Int:  7    God:    Trog [***...]
Gold:   108        SH:  0    Dex: 11    Spells: 4/4 levels left

rFire    . . .     SeeInvis .   a - +1 mace
rCold    . . .     Gourm    .   (no shield)
rNeg     . . .     Faith    +   (armour unavailable)
rPois    .         Spirit   .   (helmet restricted)
rElec    .         Reflect  .   (no cloak)
rCorr    .         Harm     .   (no gloves)
MR       .....                  (no boots)
Stlth    +.........             e - amulet of faith
HPRegen  0.16/turn              i - ring of flight
MPRegen  0.09/turn              (no ring)

@: paralysed, lethally poisoned (0 -> -9), berserk cooldown, slowed
A: unfitting armour, cold-blooded, AC +5
a: Berserk, Trog's Hand, Renounce Religion, Evoke Flight


You were on level 3 of the Dungeon.
You worshipped Trog.
Trog was most pleased with you.
You were hungry.

You visited 1 branch of the dungeon, and saw 3 of its levels.

You collected 108 gold pieces.

Inventory:

Hand Weapons
 a - a +1 mace (weapon)
Jewellery
 e - an amulet of faith (around neck)
 i - a ring of flight (left hand)
Scrolls
 c - a scroll of enchant weapon
 f - 2 scrolls of identify
Potions
 d - a potion of curing
 g - a potion of resistance {unknown}
 h - a potion of heal wounds
 l - a potion of lignification {unknown}
 m - a potion of haste {unknown}
Comestibles
 b - 5 rations
 j - a chunk of flesh


   Skills:
 + Level 5.1 Fighting
 + Level 4.6 Maces & Flails
 - Level 2.6 Dodging


You had 4 spell levels left.
You didn't know any spells.
Your spell library was empty.

Dungeon Overview and Level Annotations

Branches:
Dungeon (3/15)

Altars:
Vehumet


Innate Abilities, Weirdness & Mutations

Your plain brown scales are hard. (AC +5)
You cannot fit into any form of body armour.
You are cold-blooded and may be slowed by cold attacks.


Message History

You hit the adder.
Your tail-slap misses the adder.
The adder is almost dead.
* * * LOW HITPOINT WARNING * * *
You feel sick. The adder bites you.
* * * LOW HITPOINT WARNING * * *
You miss the adder.
The adder is almost dead.
* * * LOW HITPOINT WARNING * * *
You feel sick. The adder completely misses you.
The adder bites you but does no damage.
You are too berserk!
You thump the adder!
You kill the adder!
Trog accepts your kill.
* * * LOW HITPOINT WARNING * * *
You feel sick.
You are no longer berserk.
You pass out from exhaustion.
You feel as though you will be slow longer.
You die...

#.....# #.###.# #.# #.#
#.###### #.# #.# #.#....# .
#.# #.#######.#<.#.# .. #.#
#......##.####.# ... #.#
######.##.#....# ....
####.########.##.#.####
.....#....#@....##....#.#...
....?................รท.......
...........................##
......#..#####.#.#...........
......##.# #.#.#.......#...
...... ..# .# #.......#...
..... ##.. # #.#######..#
##### #.% #. ..# #.. ##


There were no monsters in sight!

Vanquished Creatures
  Natasha (twice) (D:3)
  3 adders
  3 dart slugs
  2 leopard geckos
  6 bats
  11 giant cockroaches (D:2)
  5 goblins (D:1)
  6 hobgoblins
  2 jackals (D:1)
  3 quokkas
  6 frilled lizards
  8 kobolds
  6 rats
63 creatures vanquished.

Notes
Turn   | Place    | Note
-------+----------+-------------------------------------------
     0 | D:1      | Faca the Draconian Berserker began the quest for the Orb.
     0 | D:1      | Reached XP level 1. HP: 19/19 MP: 1/1
   131 | D:1      | Reached XP level 2. HP: 22/26 MP: 2/2
   737 | D:1      | Reached skill level 4 in Fighting
   944 | D:1      | Reached XP level 3. HP: 33/33 MP: 3/3
   963 | D:1      | Reached ** piety under Trog
  1850 | D:2      | Reached XP level 4. HP: 37/41 MP: 4/4
  2111 | D:2      | Found a radiant altar of Vehumet.
  2261 | D:2      | Reached *** piety under Trog
  2365 | D:3      | Noticed Natasha
  2374 | D:3      | Killed Natasha
  2395 | D:3      | Noticed Natasha
  2404 | D:3      | Killed Natasha
  2404 | D:3      | Reached skill level 5 in Fighting
  2404 | D:3      | Reached XP level 5. HP: 16/48 MP: 5/5
  2408 | D:3      | HP: 3/72 [poisoned by an adder]
  2410 | D:3      | Succumbed to an adder's poison

Illustrated notes

Levels and vault maps discovered:
D:1:      minmay_arrival_three_doors, layout_basic, minmay_tromino_v4_c
D:2:      minmay_roachtagon, layout_basic, vehumet_crystals
D:3:      layout_basic, first_ration, uniq_natasha

Skill      XL: |  1  2  3  4 |
---------------+-------------+-----
Fighting       | 4 5 |  5.1
Maces & Flails | 4 |  4.6
Dodging        | |  2.6

Action                   |  1- 3 |  4- 6 || total
-------------------------+-------+-------++-------
Melee: Mace              |   146 |    44 ||   190
       Tailslap          |    15 |     4 ||    19
Invok: Berserk           |     1 |     1 ||     2
  Use: Scroll            |     4 |     2 ||     6
 Stab: Sleeping          |     2 |     1 ||     3
  Eat: Chunk             |     4 |     2 ||     6
Armor: Skin              |    40 |    15 ||    55
Dodge: Dodged            |   110 |    34 ||   144

Table legend:
 A = Non-vault XP
 B = Vault XP
 C = Vault XP percentage of total XP
 D = Non-vault monster count
 E = Vault monster count
 F = Vault count percentage of total count
                 A         B        C        D         E       F
            +---------+---------+-------+---------+---------+-------
      Total |     158 |      55 |  25.8 |      52 |      11 |  17.5
            +---------+---------+-------+---------+---------+-------
        D:1 |      41 |       2 |   4.7 |      23 |       1 |   4.2
        D:2 |      65 |      18 |  21.7 |      25 |       9 |  26.5
        D:3 |      52 |      35 |  40.2 |       4 |       1 |  20.0
            +---------+---------+-------+---------+---------+-------
